SA
COLUMBIA RIVER RATS @ NIAGARA FALLS EXPOS
07/25/2023
 
TOP OF THE 1ST
Columbia River Rats batting - Pitching for Niagara Falls Expos : RHP Manuel Montés
Pitching: RHP Manuel Montés
Batting: RHB Miguel Montoya 0-0: SINGLE (Groundball, 56D) (infield hit)
Batting: LHB Víctor Robledo 0-0: Called Strike
0-1: Ball
1-1: Ball
2-1: Ball
3-1: Grounds into double play, 4-6-3 (Groundball, 4)
Batting: RHB Lorenzo Rosas 0-0: SINGLE (Line Drive, 8LS)
Batting: RHB Héctor Gallegos 0-0: Called Strike
0-1: Fly out, F8 (Flyball, 8LS)
Top of the 1st over - 0 run(s), 2 hit(s), 0 error(s), 1 left on base; Columbia 0 - Niagara Falls 0
BOTTOM OF THE 1ST
Niagara Falls Expos batting - Pitching for Columbia River Rats : RHP Martín Noriaga
Pitching: RHP Martín Noriaga
Batting: RHB Luis Rodríguez 0-0: Called Strike
0-1: Ball
1-1: Ground out 5-3 (Groundball, 5S)
Batting: LHB Ramón Gómez 0-0: Foul Ball, location: 2F
0-1: SINGLE (Flyball, 7S)
Batting: RHB António Gonzáles 0-0: Ball
1-0: Called Strike
1-1: Foul Ball, location: 2F
1-2: Foul Ball, location: 2F
1-2: Hit by Pitch
Ramón Gómez to second
Batting: RHB Nelson Torez 0-0: Ball
1-0: Foul Ball, location: 2F
1-1: Ball
2-1: Fielders Choice at 2nd, 1-6 (Groundball, 23)
Ramón Gómez to third
Batting: RHB Tony Martínez 0-0: Called Strike
0-1: Ball
1-1: Called Strike
1-2: SINGLE (Line Drive, 89S)
Ramón Gómez scores
Nelson Torez to second
Batting: RHB Henry Womack 0-0: Ball
1-0: Foul Ball, location: 2F
1-1: Foul Ball, location: 2F
1-2: Ball
2-2: Strikes out looking
Bottom of the 1st over - 1 run(s), 2 hit(s), 0 error(s), 2 left on base; Columbia 0 - Niagara Falls 1
TOP OF THE 2ND
Columbia River Rats batting - Pitching for Niagara Falls Expos : RHP Manuel Montés
Batting: LHB Luis Vicenteno 0-0: Foul Ball, location: 2F
0-1: Ball
1-1: Ball
2-1: Foul Ball, location: 2F
2-2: Foul Ball, location: 2F
2-2: Ball
3-2: Foul Ball, location: 2F
3-2: Fly out, F6 (Line Drive, 6)
Batting: RHB Marcos Calderón 0-0: Ball
1-0: Ball
2-0: Called Strike
2-1: Ball
3-1: Called Strike
3-2: Ground out 6-3 (Groundball, 6)
Batting: RHB Bob Miller 0-0: Foul Ball, location: 2F
0-1: Called Strike
0-2: Foul Ball, location: 2F
0-2: Strikes out swinging
Top of the 2nd over - 0 run(s), 0 hit(s), 0 error(s), 0 left on base; Columbia 0 - Niagara Falls 1
BOTTOM OF THE 2ND
Niagara Falls Expos batting - Pitching for Columbia River Rats : RHP Martín Noriaga
Batting: RHB Demeter Valverde 0-0: DOUBLE (Flyball, 8RS)
Batting: RHB José Rodríguez 0-0: Called Strike
0-1: Swinging Strike
0-2: Ball
1-2: Fly out, F7 (Flyball, 7M)
Batting: RHB Xing-li Wang 0-0: Foul Ball, location: 2F
0-1: Ball
1-1: Ball
2-1: Called Strike
2-2: Strikes out looking
Batting: RHB Luis Rodríguez 0-0: Called Strike
0-1: SINGLE (Groundball, 6M)
Demeter Valverde to third
Runner from 3rd tries for Home, SAFE, no throw or cutoff
Batting: LHB Ramón Gómez 0-0: Ball
1-0: Fly out, F8 (Flyball, 8LM)
Bottom of the 2nd over - 1 run(s), 2 hit(s), 0 error(s), 1 left on base; Columbia 0 - Niagara Falls 2
TOP OF THE 3RD
Columbia River Rats batting - Pitching for Niagara Falls Expos : RHP Manuel Montés
Batting: SHB Javier Luna 0-0: Called Strike
0-1: Ball
1-1: Called Strike
1-2: Ball
2-2: SINGLE (Groundball, 3L)
Batting: LHB Juan Montés 0-0: Ball
1-0: Fielders Choice at 2nd, 3-6 (Groundball, 3)
Batting: RHB Miguel Montoya 0-0: Called Strike
Juan Montés steals 2nd base
0-1: Ball
1-1: Foul Ball, location: 2F
1-2: Strikes out swinging
Batting: LHB Víctor Robledo 0-0: Called Strike
0-1: Ball
1-1: Called Strike
1-2: Hit by Pitch
Batting: RHB Lorenzo Rosas 0-0: Ground out 6-3 (Groundball, 6)
Top of the 3rd over - 0 run(s), 1 hit(s), 0 error(s), 2 left on base; Columbia 0 - Niagara Falls 2
BOTTOM OF THE 3RD
Niagara Falls Expos batting - Pitching for Columbia River Rats : RHP Martín Noriaga
Batting: RHB António Gonzáles 0-0: Ball
1-0: SINGLE (Groundball, 4MD)
Batting: RHB Nelson Torez 0-0: SINGLE (Line Drive, 8RS)
António Gonzáles to second
Batting: RHB Tony Martínez 0-0: Foul Ball, location: 2F
0-1: Ball
1-1: Ball
2-1: Ball
3-1: Foul Ball, location: 2F
3-2: Strikes out swinging
Batting: RHB Henry Womack 0-0: Ball
1-0: Fly out, F8 (Line Drive, 8LD)
Runner from 2nd tags up, SAFE at 3rd, no throw
Batting: RHB Demeter Valverde 0-0: Called Strike
0-1: Swinging Strike
0-2: Hit by Pitch
Nelson Torez to second
Batting: RHB José Rodríguez 0-0: Fly out, F6 (Line Drive, 6M)
Bottom of the 3rd over - 0 run(s), 2 hit(s), 0 error(s), 3 left on base; Columbia 0 - Niagara Falls 2
TOP OF THE 4TH
Columbia River Rats batting - Pitching for Niagara Falls Expos : RHP Manuel Montés
Batting: RHB Héctor Gallegos 0-0: Called Strike
0-1: Ground out 6-3 (Groundball, 56)
Batting: LHB Luis Vicenteno 0-0: Called Strike
0-1: Foul Ball, location: 2F
0-2: Strikes out swinging
Batting: RHB Marcos Calderón 0-0: Called Strike
0-1: Ball
1-1: Foul Ball, location: 2F
1-2: Strikes out swinging, 2-3 out at first.
Top of the 4th over - 0 run(s), 0 hit(s), 0 error(s), 0 left on base; Columbia 0 - Niagara Falls 2
BOTTOM OF THE 4TH
Niagara Falls Expos batting - Pitching for Columbia River Rats : RHP Martín Noriaga
Batting: RHB Xing-li Wang 0-0: Swinging Strike
0-1: SINGLE (Groundball, 6MD)
Batting: RHB Luis Rodríguez 0-0: Ball
Xing-li Wang steals 2nd base
1-0: Foul Ball, location: 2F
1-1: Called Strike
1-2: Strikes out swinging
Batting: LHB Ramón Gómez 0-0: Ball
1-0: Ball
2-0: Called Strike
2-1: Swinging Strike
2-2: Ball
3-2: Ground out 3-1 (Groundball, 3L)
Xing-li Wang to third
Batting: RHB António Gonzáles 0-0: Ball
1-0: Called Strike
1-1: Ball
2-1: Swinging Strike
2-2: Ball
3-2: Base on Balls
Batting: RHB Nelson Torez 0-0: Fielders Choice at 2nd, U6 (Groundball, 6M)
Bottom of the 4th over - 0 run(s), 1 hit(s), 0 error(s), 2 left on base; Columbia 0 - Niagara Falls 2
TOP OF THE 5TH
Columbia River Rats batting - Pitching for Niagara Falls Expos : RHP Manuel Montés
Batting: RHB Bob Miller 0-0: Called Strike
0-1: Ball
1-1: Ball
2-1: Fly out, F9 (Flyball, 89M)
Batting: SHB Javier Luna 0-0: Ball
1-0: SINGLE (Flyball, 7S)
Batting: LHB Juan Montés 0-0: SINGLE (Groundball, 5D)
Javier Luna to second
Batting: RHB Miguel Montoya 0-0: SINGLE (Line Drive, 56D)
Javier Luna to third
Juan Montés to second
Batting: LHB Víctor Robledo 0-0: Called Strike
0-1: Ball
1-1: SINGLE (Flyball, 7LS)
Javier Luna scores
Juan Montés to third
Miguel Montoya to second
Runner from 3rd tries for Home, SAFE, no throw or cutoff
Batting: RHB Lorenzo Rosas 0-0: Ball
1-0: Fly out, F4 (Popup, 4MD)
Batting: RHB Héctor Gallegos 0-0: Ball
1-0: Fly out, F7 (Flyball, 78M)
Top of the 5th over - 2 run(s), 4 hit(s), 0 error(s), 2 left on base; Columbia 2 - Niagara Falls 2
BOTTOM OF THE 5TH
Niagara Falls Expos batting - Pitching for Columbia River Rats : RHP Martín Noriaga
Batting: RHB Tony Martínez 0-0: Ball
1-0: SINGLE (Line Drive, 4M)
Batting: RHB Henry Womack 0-0: Reached on error, E6 (Groundball, 6S)
Tony Martínez to third
Batting: RHB Demeter Valverde 0-0: Ground out 5-3 (Groundball, 5S)
Batting: RHB José Rodríguez 0-0: Called Strike
0-1: Hit by Pitch
Batting: RHB Xing-li Wang 0-0: Fielders Choice at 2nd, 5-4 (Groundball, 56)
Tony Martínez scores
Henry Womack to third
Batting: RHB Luis Rodríguez 0-0: Called Strike
0-1: Ball
1-1: Ball
2-1: Foul Ball, location: 2F
2-2: SINGLE (Groundball, 34D)
Henry Womack scores
Xing-li Wang to second
Runner from 2nd tries for 3rd, SAFE, no throw or cutoff
Batting: LHB Ramón Gómez 0-0: Ball
1-0: TRIPLE (Flyball, 8RM)
Xing-li Wang scores
Luis Rodríguez scores
Pitching: RHP Ipe Talboom
Batting: RHB António Gonzáles 0-0: Ball
1-0: Ball
2-0: Ball
3-0: Called Strike
3-1: Fly out, F4 (Popup, 13)
Bottom of the 5th over - 4 run(s), 3 hit(s), 1 error(s), 1 left on base; Columbia 2 - Niagara Falls 6
TOP OF THE 6TH
Columbia River Rats batting - Pitching for Niagara Falls Expos : RHP Manuel Montés
Batting: LHB Luis Vicenteno 0-0: Ball
1-0: Fly out, F6 (Popup, 78S)
Batting: RHB Marcos Calderón 0-0: Ball
1-0: Called Strike
1-1: SINGLE (Line Drive, 9S)
Batting: RHB Bob Miller 0-0: DOUBLE (Line Drive, 7LS)
Marcos Calderón to third
Runner from 3rd tries for Home, SAFE, no throw or cutoff
Batting: SHB Javier Luna 0-0: Foul Ball, location: 2F
0-1: Fly out, F9 (Flyball, 89S)
Batting: LHB Juan Montés 0-0: Ball
1-0: Foul Ball, location: 2F
1-1: Foul Ball, location: 2F
1-2: Fly out, F8 (Flyball, 8LD)
Top of the 6th over - 1 run(s), 2 hit(s), 0 error(s), 1 left on base; Columbia 3 - Niagara Falls 6
BOTTOM OF THE 6TH
Niagara Falls Expos batting - Pitching for Columbia River Rats : RHP Ipe Talboom
Batting: RHB Nelson Torez 0-0: Called Strike
0-1: Ball
1-1: Ground out 4-3 (Groundball, 4)
Batting: RHB Tony Martínez 0-0: Swinging Strike
0-1: Ball
1-1: Called Strike
1-2: Ball
2-2: SINGLE (Line Drive, 8LS)
Batting: RHB Henry Womack 0-0: Ball
1-0: Ball
2-0: Called Strike
2-1: Swinging Strike
2-2: Foul Ball, location: 2F
2-2: SINGLE (Line Drive, 9S)
Tony Martínez to second
Batting: RHB Demeter Valverde 0-0: Called Strike
0-1: SINGLE (Groundball, 6M) (infield hit)
Tony Martínez to third
Henry Womack to second
Pinch Runner at 1st Orlando Miranda:
Batting: RHB José Rodríguez 0-0: Ball
1-0: Foul Ball, location: 2F
1-1: Foul Ball, location: 2F
1-2: Ball
2-2: Foul Ball, location: 2F
2-2: Ball
3-2: Base on Balls
Tony Martínez scores
Henry Womack to third
Orlando Miranda to second
Batting: RHB Xing-li Wang 0-0: Called Strike
0-1: Swinging Strike
0-2: Ball
1-2: Ball
2-2: Ball
3-2: Strikes out swinging
Batting: RHB Luis Rodríguez 0-0: Ball
1-0: Called Strike
1-1: Ball
2-1: Fielders Choice at 2nd, 6-4 (Groundball, 6)
Bottom of the 6th over - 1 run(s), 3 hit(s), 0 error(s), 2 left on base; Columbia 3 - Niagara Falls 7
TOP OF THE 7TH
Columbia River Rats batting - Pitching for Niagara Falls Expos : RHP Manuel Montés
Now in LF: Orlando Miranda
Batting: RHB Miguel Montoya 0-0: Foul Ball, location: 2F
0-1: Ball
1-1: Swinging Strike
1-2: Fly out, F8 (Flyball, 8RM)
Batting: LHB Víctor Robledo 0-0: Ground out 4-3 (Groundball, 4)
Batting: RHB Lorenzo Rosas 0-0: Ball
1-0: Ground out 5-3 (Groundball, 56)
Top of the 7th over - 0 run(s), 0 hit(s), 0 error(s), 0 left on base; Columbia 3 - Niagara Falls 7
BOTTOM OF THE 7TH
Niagara Falls Expos batting - Pitching for Columbia River Rats : RHP Ipe Talboom
Batting: LHB Ramón Gómez 0-0: Called Strike
0-1: Ground out 5-3 (Groundball, 56)
Batting: RHB António Gonzáles 0-0: Ball
1-0: Swinging Strike
1-1: Fly out, F3 (Popup, 3)
Batting: RHB Nelson Torez 0-0: Ball
1-0: Ball
2-0: Ball
3-0: Called Strike
3-1: Called Strike
3-2: Ground out 4-3 (Groundball, 4)
Bottom of the 7th over - 0 run(s), 0 hit(s), 0 error(s), 0 left on base; Columbia 3 - Niagara Falls 7
TOP OF THE 8TH
Columbia River Rats batting - Pitching for Niagara Falls Expos : RHP Manuel Montés
Batting: RHB Héctor Gallegos 0-0: Fly out, F9 (Popup, 3D)
Batting: LHB Luis Vicenteno 0-0: Called Strike
0-1: Ball
1-1: Ball
2-1: Called Strike
2-2: Strikes out looking
Batting: RHB Marcos Calderón 0-0: Ball
1-0: DOUBLE (Line Drive, 3D)
Batting: RHB Bob Miller 0-0: Called Strike
0-1: Ball
1-1: Foul Ball, location: 2F
1-2: Ball
2-2: Ball
3-2: Foul Ball, location: 2F
3-2: Foul Ball, location: 2F
3-2: Foul Ball, location: 2F
3-2: Foul Ball, location: 2F
3-2: Ground out 1-3 (Groundball, 13)
Top of the 8th over - 0 run(s), 1 hit(s), 0 error(s), 1 left on base; Columbia 3 - Niagara Falls 7
BOTTOM OF THE 8TH
Niagara Falls Expos batting - Pitching for Columbia River Rats : RHP Ipe Talboom
Batting: RHB Tony Martínez 0-0: Ball
1-0: Swinging Strike
1-1: Ball
2-1: Swinging Strike
2-2: Strikes out swinging
Batting: RHB Henry Womack 0-0: Ball
1-0: Ground out 5-3 (Groundball, 5)
Batting: SHB Orlando Miranda 0-0: Ball
1-0: Ball
2-0: Ball
3-0: Base on Balls
Batting: RHB José Rodríguez 0-0: Foul Ball, location: 2F
0-1: Fielders Choice at 2nd, 6-4 (Groundball, 56)
Bottom of the 8th over - 0 run(s), 0 hit(s), 0 error(s), 0 left on base; Columbia 3 - Niagara Falls 7
TOP OF THE 9TH
Columbia River Rats batting - Pitching for Niagara Falls Expos : RHP Manuel Montés
Pitching: LHP Sergio Zamora
Batting: SHB Javier Luna 0-0: Called Strike
0-1: Ground out 6-3 (Groundball, 6M)
Batting: LHB Juan Montés 0-0: Called Strike
0-1: Ball
1-1: Ball
2-1: Swinging Strike
2-2: Ball
3-2: Foul Ball, location: 2F
3-2: Strikes out swinging
Batting: RHB Miguel Montoya 0-0: Called Strike
0-1: Foul Ball, location: 2F
0-2: Ball
1-2: Strikes out swinging
Top of the 9th over - 0 run(s), 0 hit(s), 0 error(s), 0 left on base; Columbia 3 - Niagara Falls 7
This league is powered by Out of the Park Baseball, the baseball management simulation game for PC, Mac and Linux
Friday, July 8th, 2016 - OOTP Baseball 16.9 Build 39